 Dungeon Crawl Stone Soup version 0.26.1-11-gd32895ea62 (webtiles) character file.

Game seed: 14628058282533314942

9149 phalm the Destroyer (level 11, -1/81 HPs)
             Began as a Gnoll Conjurer on June 3, 2021.
             Was a Believer of Ashenzari.
             Slain by a troll (13 damage)
             ... on level 10 of the Dungeon.
             The game lasted 00:31:24 (14293 turns).

phalm the Destroyer (Gnoll Conjurer)               Turns: 14293, Time: 00:31:25

Health: -1/81      AC:  7    Str: 10    XL:     11   Next: 42%
Magic:  10/23      EV: 17    Int: 23    God:    Ashenzari [**....]
Gold:   907        SH:  5    Dex: 14    Spells: 15/26 levels left

rFire    . . .     SeeInvis .   D - staff of conjuration (curse) {!a}
rCold    . . .     Faith    .   (no shield)
rNeg     . . .     Spirit   .   A - +0 robe (curse)
rPois    +         Reflect  +   r - +1 helmet
rElec    .         Harm     .   (no cloak)
rCorr    .         Rampage  .   x - +0 pair of gloves
Will     .....                  T - +0 pair of boots
Stlth    +++++.....             b - amulet of reflection (curse)
HPRegen  0.23/turn              P - ring of poison resistance (curse)
MPRegen  0.18/turn              Q - ring of stealth

@: slowed, very slow
A: distributed training, fangs 1, strong nose
a: Renounce Religion, Curse Item, Scrying


You were on level 10 of the Dungeon.
You worshipped Ashenzari.
Ashenzari was pleased with you.
You visited 2 branches of the dungeon, and saw 11 of its levels.
You also visited: Sewer and Ossuary.

You collected 907 gold pieces.


Innate Abilities, Weirdness & Mutations

Your experience applies equally to all skills.
You have very sharp teeth.
Your uncanny sense of smell can sniff out nearby items.


   Skills:
 + Level 6.2 Fighting
 + Level 6.2 Short Blades
 + Level 6.2 Long Blades
 + Level 6.2 Axes
 + Level 6.2 Maces & Flails
 + Level 6.2 Polearms
 + Level 6.2(7.7) Staves
 + Level 6.2 Slings
 + Level 6.2 Bows
 + Level 6.2 Crossbows
 + Level 6.2 Throwing
 + Level 6.2 Armour
 + Level 7.8 Dodging
 + Level 7.6 Stealth
 + Level 6.2 Shields
 + Level 6.2 Unarmed Combat
 + Level 8.1 Spellcasting
 + Level 8.9(10.3) Conjurations
 + Level 5.2(6.6) Hexes
 + Level 5.2(6.6) Summonings
 + Level 5.2(6.6) Necromancy
 + Level 5.2(6.6) Translocations
 + Level 5.2(6.6) Transmutations
 + Level 5.2(6.6) Fire Magic
 + Level 5.2(6.6) Ice Magic
 + Level 5.2(6.6) Air Magic
 + Level 5.2(6.6) Earth Magic
 + Level 5.2(6.6) Poison Magic
 + Level 6.9 Invocations
 + Level 6.2(8.6) Evocations


You had 15 spell levels left.
You knew the following spells:

 Your Spells              Type           Power        Failure   Level
f - Fulminant Prism       Conj/Hex       32%          1%          4
m - Magic Dart            Conj           100%         1%          1
s - Searing Ray           Conj           100%         1%          2
X - Iskenderun's Mystic   Conj/Tloc      64%          1%          4

Your spell library contained the following spells:

 Spells                   Type           Power        Failure   Level
 Beastly Appendage        Tmut           80%          1%          1
 Corona                   Hex            44%          1%          1
 Ensorcelled Hibernation  Hex/Ice        80%          1%          2
 Wereblood                Tmut           40%          1%          2
 Confusing Touch          Hex            40%          1%          3
 Dazzling Flash           Conj/Hex       100%         1%          3
 Spider Form              Tmut/Pois      20%          1%          3
 Tukima's Dance           Hex            40%          1%          3
 Ice Form                 Ice/Tmut       40%          4%          4
 Blade Hands              Tmut           20%          12%         5

Inventory:

Missiles
 d - 41 sling bullets
 e - 112 bolts
 i - 3 curare-tipped darts {=f}
 u - 16 poisoned darts
 E - 10 boomerangs
 G - 4 silver boomerangs
 N - 4 atropa-tipped darts
Armour
 r - a +1 helmet (worn)
   (You found it on level 2 of the Dungeon)
 x - a +0 pair of gloves (worn)
   (You found it on level 3 of the Dungeon)
 A - a cursed +0 robe (worn)
   (You found it on level 7 of the Dungeon)
 T - a +0 pair of boots (worn)
   (You found it on level 9 of the Dungeon)
Magical Staves
 B - an uncursed staff of fire {!a}
   (You found it on level 5 of the Dungeon)
 D - a cursed staff of conjuration (weapon) {!a}
   (You found it on level 5 of the Dungeon)
Jewellery
 b - a cursed amulet of reflection (around neck)
   (You found it on level 1 of the Dungeon)
 P - a cursed ring of poison resistance (left hand)
   (You took it off an orc on level 6 of the Dungeon)
 Q - a ring of stealth (right hand)
   (You took it off an orc on level 6 of the Dungeon)
Wands
 v - a wand of polymorph (5)
   (You found it on level 3 of the Dungeon)
 w - a wand of digging (12)
   (You found it on level 3 of the Dungeon)
 z - a wand of flame (9)
   (You took it off Ijyb on level 4 of the Dungeon)
 O - a wand of acid (5)
   (You took it off Pikel on level 7 of the Dungeon)
Scrolls
 a - a scroll of fear
 k - 5 scrolls of enchant weapon
 l - 3 scrolls of fog
 o - 8 scrolls of teleportation {@r4}
 p - 4 scrolls of remove curse {@r2}
 s - 2 scrolls of magic mapping {!r}
 y - 3 scrolls of blinking {!r}
 F - 4 scrolls of immolation {!r!r}
 H - a scroll of amnesia
 R - 2 scrolls of enchant armour
 S - a scroll of noise {unknown}
 V - a scroll of torment {unknown}
Potions
 c - 3 potions of invisibility
 f - 4 potions of heal wounds {@q2}
 h - 4 potions of flight
 j - 2 potions of brilliance {unknown}
 m - 2 potions of degeneration {unknown}
 n - 10 potions of curing {@q1}
 q - 2 potions of haste {unknown}
 t - 4 potions of might
 C - 2 potions of attraction {unknown}
 I - a potion of magic {unknown}
 J - a potion of mutation {unknown}
 K - 2 potions of berserk rage {unknown}
 L - 2 potions of resistance {unknown}
Miscellaneous
 U - a box of beasts
   (You found it on level 9 of the Dungeon)

Dungeon Overview and Level Annotations

Branches:
Dungeon (10/15)            Temple (1/1) D:5            Lair (0/6) D:9
  Sewer (visited)         Ossuary (visited)
    Orc: D:9-12

Altars:
Ashenzari
Cheibriados
Dithmenos
Elyvilon
Fedhas
Gozag
Hepliaklqana
Kikubaaqudgha
Makhleb
Nemelex Xobeh
Okawaru
Qazlal
Ru
Sif Muna
Trog
Uskayaw
Vehumet
Wu Jian
Xom
Yredelemnul
Zin
The Shining One

Shops:
D:4 = D:7

[ ∆ , * * ### ,
, ..# , * *#.#
.. ######.#
o..)####...##.#
......†..#.##)#
*
#(...##.######
#.....oOT@...#
,
#.#.##.#####.#
,* #.#.##.# #.#
, ,#.#.##.# #.#
#.#.##.# #.####
#O#.##.#
#.##.## *
#.#.##.#
#.#...## *
#.#....#
#......## ,,
..# ##.......##


You could see a troll, an ogre and an orc priest.


Message History

The curare-tipped dart hits you.
The blast of energy engulfs Sonja!
You kill Sonja!
You hear a shout!
You hear a howl!
You hear a shout! x2; You hear a howl!
You hear a shout!
You hear an angry hiss. 😕 MP[-1]
You lost 1 mp, and now have 15/23 mp.
You feel sick.
You feel sick.
You feel sick.
A howler monkey comes into view. 😕 HP[-2] MP[+2]
You take 2 damage, and now have 66/81 hp.
You regained 2 mp, and now have 17/23 mp.
You feel a surge of power!
The magic dart hits the howler monkey.
The howler monkey hoots and howls with incredible vigour!
You hear a shout! x2 😕 HP[+1] MP[-1]
You lost 1 mp, and now have 16/23 mp.
You feel a surge of power!
The magic dart hits the howler monkey. 😕 MP[-1]
You lost 1 mp, and now have 15/23 mp.
You feel a surge of power!
The magic dart hits the howler monkey.
You feel sick. 😕 HP[-1]
You take 1 damage, and now have 66/81 hp.
You feel a surge of power!
The magic dart hits the howler monkey. 😕 HP[+1] MP[-1]
You lost 1 mp, and now have 14/23 mp.
Casting: Magic Dart (safe; 1% risk of failure)
Confirm with . or Enter, or press ? or * to list all spells.
Aiming: Searing Ray (safe; 1% risk of failure)
Press: ? - help, Shift-Dir - straight line, f/p - howler monkey
Aim: a howler monkey (almost dead, 19% to evade)
You feel a surge of power!
The searing ray misses the howler monkey. (Press . to maintain the ray.)
You feel sick. The howler monkey misses you.
A troll comes into view.
The howler monkey hoots and howls with incredible vigour!
You hear a shout!
You hear an angry hiss. x2; You hear a shout! x2
You hear a howl!
You hear an angry hiss.
You hear a bark!
You hear a loud, deep croak!
You hear a shout! 😕 HP[-1] MP[-2]
You take 1 damage, and now have 66/81 hp.
You lost 2 mp, and now have 12/23 mp.
The searing ray hits the howler monkey!
You kill the howler monkey!
An orc comes into view. x2
An ogre comes into view. It is wielding a +0 giant club.
The orc moves out of view. 😕 MP[-1]
You lost 1 mp, and now have 11/23 mp. 😕 HP[+1] MP[+1]
You feel sick.
You are no longer poisoned. 😕 HP[-1]
You take 1 damage, and now have 66/81 hp.
An orc priest comes into view.
It is wielding a +0 dagger. 😕 HP[+1] MP[+1]
The troll barely misses you. The troll claws you!
The troll closely misses you. 😮 HP[-8]
You take 8 damage, and now have 59/81 hp.
The orc priest calls down the wrath of Beogh upon you.
Beogh smites you! 😮 HP[-14] MP[+1]
You take 14 damage, and now have 45/81 hp.
Casting: Searing Ray (safe; 1% risk of failure)
Confirm with . or Enter, or press ? or * to list all spells.
Aiming: Searing Ray (safe; 1% risk of failure)
Press: ? - help, Shift-Dir - straight line, f - orc
Aim: an orc, wearing a +0 scale mail (15% to evade)
You feel a surge of power!
The searing ray hits the troll!
The searing ray hits the orc.
You kill the orc!
The searing ray hits the orc. (Press . to maintain the ray.)
You block the troll's attack. The troll claws you but does no damage.
The troll barely misses you. x2; The troll claws you!
* * * LOW HITPOINT WARNING * * *
The troll completely misses you.
The orc priest looks satisfied for a moment. 😨 HP[-9] MP[-2]
You take 9 damage, and now have 36/81 hp.
You lost 2 mp, and now have 12/23 mp.
The searing ray hits the troll!
The searing ray hits the ogre!
The searing ray hits the orc!
You kill the orc!
The troll barely misses you. The troll misses you. The troll claws you!
* * * LOW HITPOINT WARNING * * *
😨 HP[-6] MP[-1]
You take 6 damage, and now have 30/81 hp.
You lost 1 mp, and now have 11/23 mp.
The searing ray hits the troll.
The searing ray hits the ogre!
The searing ray hits the orc priest.
The troll closely misses you. The troll claws you!
* * * LOW HITPOINT WARNING * * *
The troll completely misses you. The troll bites you!
* * * LOW HITPOINT WARNING * * *
The troll claws you!
You die...

Skill      XL: |  1  2  3  4  5  6  7  8  9 10 11 |
---------------+----------------------------------+-----
Spellcasting   | 5 6 7 8 |  8.1
Invocations    | 1 2 3 4 5 6 |  6.9
Fighting       | 1 2 3 4 5 6 |  6.2
Short Blades   | 1 2 3 4 5 6 |  6.2
Long Blades    | 1 2 3 4 5 6 |  6.2
Axes           | 1 2 3 4 5 6 |  6.2
Maces & Flails | 1 2 3 4 5 6 |  6.2
Polearms       | 1 2 3 4 5 6 |  6.2
Staves         | 1 2 3 4 5 6 |  6.2
Slings         | 1 2 3 4 5 6 |  6.2
Bows           | 1 2 3 4 5 6 |  6.2
Crossbows      | 1 2 3 4 5 6 |  6.2
Throwing       | 1 2 3 4 5 6 |  6.2
Armour         | 1 2 3 4 5 6 |  6.2
Shields        | 1 2 3 4 5 6 |  6.2
Unarmed Combat | 1 2 3 4 5 6 |  6.2
Evocations     | 1 2 3 4 5 6 |  6.2
Hexes          | 1 2 3 4 5 |  5.2
Summonings     | 1 2 3 4 5 |  5.2
Necromancy     | 1 2 3 4 5 |  5.2
Translocations | 1 2 3 4 5 |  5.2
Transmutations | 1 2 3 4 5 |  5.2
Fire Magic     | 1 2 3 4 5 |  5.2
Ice Magic      | 1 2 3 4 5 |  5.2
Air Magic      | 1 2 3 4 5 |  5.2
Earth Magic    | 1 2 3 4 5 |  5.2
Poison Magic   | 1 2 3 4 5 |  5.2
Dodging        | 5 6 7 |  7.8
Stealth        | 5 6 7 |  7.6
Conjurations   | 8 |  8.9

Action                   |  1- 3 |  4- 6 |  7- 9 | 10-12 || total
-------------------------+-------+-------+-------+-------++-------
Melee: Dagger            |     6 |    28 |     4 |       ||    38
       Punch             |       |     1 |       |       ||     1
       Bite              |       |     4 |     3 |       ||     7
       Staff             |       |       |    18 |     9 ||    27
Throw: Dart              |       |       |     2 |     4 ||     6
       Boomerang         |       |       |     2 |     1 ||     3
 Cast: Magic Dart        |    69 |   159 |   136 |   201 ||   565
       Searing Ray       |       |     7 |    40 |    50 ||    97
       Iskenderun's Myst |       |       |     2 |     4 ||     6
       Fulminant Prism   |       |       |     1 |     4 ||     5
Invok: Curse Item        |       |       |     2 |     1 ||     3
Evoke: Wand              |       |       |    10 |     3 ||    13
  Use: Scroll            |       |     7 |       |    10 ||    17
Armor: Robe              |     1 |     7 |    10 |    10 ||    28
Dodge: Dodged            |     4 |    36 |    39 |    66 ||   145
Block: Other             |     1 |     9 |    17 |    12 ||    39
       Reflection        |       |     2 |       |       ||     2

Levels and vault maps discovered:
D:1:      lemuel_arrival_tunnels, layout_loops_ring, minmay_misc_feat_iff,
          st_stairs_13
D:2:      layout_rooms, bloody_trog, nrook_loot_triangle
D:3:      layout_basic, dk_noncrumbling_4
D:4:      layout_cave_pools, serial_shops, kennysheep_mini_moat,
          gup_sewer_entry_pipe, uniq_ijyb
D:5:      layout_basic, minmay_temple_entry_proselytizer
D:6:      layout_loops_ring, grunt_temple_overflow_cloverleaf, basic_altar,
          nemelex_xobeh_ov_fountains_minmay, uniq_prince_ribbit1
D:7:      layout_loops_cross, ebering_ghost_xom, serial_shops,
          nicolae_shop_crystal, okawaru_trees_1, uniq_duvessa
D:8:      hangedman_cross_stitches, layout_cave_pools, old_standard_altar,
          special_room [special_room_orc], nicolae_ossuary_entry_giza,
          uniq_pikel
D:9:      layout_cave_pools, erik_lair_dragon, hex_large, eino_house_with_fridge
D:10:     nzn_winding_woodlands_small [nzn_winding_woodlands_5x15_sidewinder,
          nzn_winding_woodlands_center_garden,
          nzn_winding_woodlands_5x15_twine], layout_loops_ring,
          minmay_misc_feat_hallway, lightli_elemental_guards, uniq_gastronok,
          uniq_sonja
Temple:   regret_index_temple_sphere_string

Notes
Turn   | Place    | Note
-------+----------+-------------------------------------------
     0 | D:1      | phalm the Gnoll Conjurer began the quest for the Orb.
     0 | D:1      | Reached XP level 1. HP: 13/13 MP: 6/6
     0 | D:1      | magus.rc [v1.9.10]
   254 | D:1      | Reached XP level 2. HP: 19/19 MP: 3/7
   314 | D:1      | Learned a level 2 spell: Searing Ray
   662 | D:1      | Reached XP level 3. HP: 25/25 MP: 6/9
   695 | D:1      | Reached skill level 5 in Spellcasting
   973 | D:1      | Reached skill level 1 in Invocations
  1375 | D:2      | Reached skill level 1 in Fighting
  1375 | D:2      | Reached skill level 1 in Short Blades
  1375 | D:2      | Reached skill level 1 in Long Blades
  1375 | D:2      | Reached skill level 1 in Axes
  1375 | D:2      | Reached skill level 1 in Maces & Flails
  1375 | D:2      | Reached skill level 1 in Polearms
  1375 | D:2      | Reached skill level 1 in Staves
  1375 | D:2      | Reached skill level 1 in Slings
  1375 | D:2      | Reached skill level 1 in Bows
  1375 | D:2      | Reached skill level 1 in Crossbows
  1375 | D:2      | Reached skill level 1 in Throwing
  1375 | D:2      | Reached skill level 1 in Armour
  1375 | D:2      | Reached skill level 1 in Shields
  1375 | D:2      | Reached skill level 1 in Unarmed Combat
  1375 | D:2      | Reached skill level 1 in Evocations
  1408 | D:2      | Reached XP level 4. HP: 32/32 MP: 7/11
  1615 | D:2      | Found a bloodstained altar of Trog.
  1899 | D:2      | Reached skill level 1 in Hexes
  1899 | D:2      | Reached skill level 1 in Summonings
  1899 | D:2      | Reached skill level 1 in Necromancy
  1899 | D:2      | Reached skill level 1 in Translocations
  1899 | D:2      | Reached skill level 1 in Transmutations
  1899 | D:2      | Reached skill level 1 in Fire Magic
  1899 | D:2      | Reached skill level 1 in Ice Magic
  1899 | D:2      | Reached skill level 1 in Air Magic
  1899 | D:2      | Reached skill level 1 in Earth Magic
  1899 | D:2      | Reached skill level 1 in Poison Magic
  2221 | D:3      | Learned a level 4 spell: Iskenderun's Mystic Blast
  2226 | D:3      | Learned a level 4 spell: Fulminant Prism
  2387 | D:3      | You pick up a book of Changes and begin reading...
  2387 | D:3      | You add the spells Beastly Appendage, Wereblood, Spider
                  | Form, Ice Form and Blade Hands to your library.
  2636 | D:3      | Reached XP level 5. HP: 28/37 MP: 6/12
  3128 | D:4      | Noticed Ijyb
  3138 | D:4      | Found a glowing drain.
  3163 | Sewer    | Entered a sewer
  3502 | Sewer    | Reached XP level 6. HP: 39/44 MP: 7/13
  3503 | Sewer    | Reached skill level 2 in Invocations
  4503 | D:4      | Reached skill level 5 in Dodging
  4688 | D:4      | Killed Ijyb
  4689 | D:4      | Reached skill level 2 in Fighting
  4689 | D:4      | Reached skill level 2 in Short Blades
  4689 | D:4      | Reached skill level 2 in Long Blades
  4689 | D:4      | Reached skill level 2 in Axes
  4689 | D:4      | Reached skill level 2 in Maces & Flails
  4689 | D:4      | Reached skill level 2 in Polearms
  4689 | D:4      | Reached skill level 2 in Staves
  4689 | D:4      | Reached skill level 2 in Slings
  4689 | D:4      | Reached skill level 2 in Bows
  4689 | D:4      | Reached skill level 2 in Crossbows
  4689 | D:4      | Reached skill level 2 in Throwing
  4689 | D:4      | Reached skill level 2 in Armour
  4689 | D:4      | Reached skill level 2 in Shields
  4689 | D:4      | Reached skill level 2 in Unarmed Combat
  4689 | D:4      | Reached skill level 2 in Evocations
  4829 | D:4      | Found Raowiota's Jewellery Shoppe.
  4961 | D:4      | Reached XP level 7. HP: 19/50 MP: 0/15
  5314 | D:5      | Entered Level 5 of the Dungeon
  5451 | D:5      | Reached skill level 2 in Hexes
  5451 | D:5      | Reached skill level 2 in Summonings
  5451 | D:5      | Reached skill level 2 in Necromancy
  5451 | D:5      | Reached skill level 2 in Translocations
  5451 | D:5      | Reached skill level 2 in Transmutations
  5451 | D:5      | Reached skill level 2 in Fire Magic
  5451 | D:5      | Reached skill level 2 in Ice Magic
  5451 | D:5      | Reached skill level 2 in Air Magic
  5451 | D:5      | Reached skill level 2 in Earth Magic
  5451 | D:5      | Reached skill level 2 in Poison Magic
  5734 | D:5      | Found a staircase to the Ecumenical Temple.
  5746 | Temple   | Entered the Ecumenical Temple
  6027 | D:5      | Reached skill level 5 in Stealth
  6112 | D:5      | Reached skill level 3 in Invocations
  6346 | Temple   | Became a worshipper of Ashenzari the Shackled
  6678 | D:6      | Found a sparkling altar of Nemelex Xobeh.
  6899 | D:6      | Noticed Prince Ribbit
  6918 | D:6      | Killed Prince Ribbit
  6919 | D:6      | Reached skill level 3 in Fighting
  6919 | D:6      | Reached skill level 3 in Short Blades
  6919 | D:6      | Reached skill level 3 in Long Blades
  6919 | D:6      | Reached skill level 3 in Axes
  6919 | D:6      | Reached skill level 3 in Maces & Flails
  6919 | D:6      | Reached skill level 3 in Polearms
  6919 | D:6      | Reached skill level 3 in Staves
  6919 | D:6      | Reached skill level 3 in Slings
  6919 | D:6      | Reached skill level 3 in Bows
  6919 | D:6      | Reached skill level 3 in Crossbows
  6919 | D:6      | Reached skill level 3 in Throwing
  6919 | D:6      | Reached skill level 3 in Armour
  6919 | D:6      | Reached skill level 3 in Shields
  6919 | D:6      | Reached skill level 3 in Unarmed Combat
  6919 | D:6      | Reached skill level 3 in Evocations
  6919 | D:6      | Reached XP level 8. HP: 47/58 MP: 6/16
  6925 | D:6      | Reached skill level 6 in Spellcasting
  7498 | D:6      | Reached skill level 4 in Invocations
  7506 | D:6      | Reached skill level 3 in Hexes
  7506 | D:6      | Reached skill level 3 in Summonings
  7506 | D:6      | Reached skill level 3 in Necromancy
  7506 | D:6      | Reached skill level 3 in Translocations
  7506 | D:6      | Reached skill level 3 in Transmutations
  7506 | D:6      | Reached skill level 3 in Fire Magic
  7506 | D:6      | Reached skill level 3 in Ice Magic
  7506 | D:6      | Reached skill level 3 in Air Magic
  7506 | D:6      | Reached skill level 3 in Earth Magic
  7506 | D:6      | Reached skill level 3 in Poison Magic
  7630 | D:6      | Found an ancient bone altar of Kikubaaqudgha.
  7837 | D:6      | Reached skill level 6 in Dodging
  7837 | D:6      | Reached XP level 9. HP: 65/65 MP: 10/18
  7969 | D:6      | Found an ancient bone altar of Kikubaaqudgha.
  7972 | D:6      | Found a sparkling altar of Nemelex Xobeh.
  7987 | D:6      | Found a shimmering blue altar of Sif Muna.
  8028 | D:6      | Found a glowing golden altar of the Shining One.
  8150 | D:6      | Reached skill level 4 in Fighting
  8150 | D:6      | Reached skill level 4 in Short Blades
  8150 | D:6      | Reached skill level 4 in Long Blades
  8150 | D:6      | Reached skill level 4 in Axes
  8150 | D:6      | Reached skill level 4 in Maces & Flails
  8150 | D:6      | Reached skill level 4 in Polearms
  8150 | D:6      | Reached skill level 4 in Staves
  8150 | D:6      | Reached skill level 4 in Slings
  8150 | D:6      | Reached skill level 4 in Bows
  8150 | D:6      | Reached skill level 4 in Crossbows
  8150 | D:6      | Reached skill level 4 in Throwing
  8150 | D:6      | Reached skill level 4 in Armour
  8150 | D:6      | Reached skill level 4 in Shields
  8150 | D:6      | Reached skill level 4 in Unarmed Combat
  8150 | D:6      | Reached skill level 4 in Evocations
  8158 | D:6      | HP: 13/65 [wight/cursed +4 short sword (10)]
  8160 | D:6      | HP: 6/65 [wight/cursed +4 short sword (8)]
  8534 | D:7      | Found an iron altar of Okawaru.
  8612 | D:7      | You pick up a book of Maledictions and begin reading...
  8612 | D:7      | You add the spells Corona, Ensorcelled Hibernation,
                  | Confusing Touch and Tukima's Dance to your library.
  8616 | D:7      | Found Suetruef's Armour Emporium.
  8710 | D:7      | Noticed Duvessa
  8714 | D:7      | Noticed Dowan
  8717 | D:7      | Killed Duvessa
  8718 | D:7      | Reached skill level 6 in Stealth
  8718 | D:7      | Reached skill level 8 in Conjurations
  8721 | D:7      | Killed Dowan
  8919 | D:7      | Found a runed translucent door.
  8919 | D:7      | Found a shimmering altar of Xom.
  8919 | D:7      | Noticed Gorgoleon's ghost (amateur DEFE)
  8919 | D:7      | Noticed a +2 flail of chaos
  9074 | D:7      | Reached skill level 5 in Invocations
  9445 | D:7      | Reached * piety under Ashenzari
  9602 | D:8      | Reached skill level 7 in Spellcasting
  9628 | D:8      | Found a sand-covered staircase.
  9632 | D:8      | Reached XP level 10. HP: 60/73 MP: 11/20
  9684 | Ossuary  | Entered an ossuary
  9764 | Ossuary  | Reached skill level 4 in Hexes
  9764 | Ossuary  | Reached skill level 4 in Summonings
  9764 | Ossuary  | Reached skill level 4 in Necromancy
  9764 | Ossuary  | Reached skill level 4 in Translocations
  9764 | Ossuary  | Reached skill level 4 in Transmutations
  9764 | Ossuary  | Reached skill level 4 in Fire Magic
  9764 | Ossuary  | Reached skill level 4 in Ice Magic
  9764 | Ossuary  | Reached skill level 4 in Air Magic
  9764 | Ossuary  | Reached skill level 4 in Earth Magic
  9764 | Ossuary  | Reached skill level 4 in Poison Magic
 10647 | D:8      | Reached skill level 5 in Fighting
 10647 | D:8      | Reached skill level 5 in Short Blades
 10647 | D:8      | Reached skill level 5 in Long Blades
 10647 | D:8      | Reached skill level 5 in Axes
 10647 | D:8      | Reached skill level 5 in Maces & Flails
 10647 | D:8      | Reached skill level 5 in Polearms
 10647 | D:8      | Reached skill level 5 in Staves
 10647 | D:8      | Reached skill level 5 in Slings
 10647 | D:8      | Reached skill level 5 in Bows
 10647 | D:8      | Reached skill level 5 in Crossbows
 10647 | D:8      | Reached skill level 5 in Throwing
 10647 | D:8      | Reached skill level 5 in Armour
 10647 | D:8      | Reached skill level 5 in Shields
 10647 | D:8      | Reached skill level 5 in Unarmed Combat
 10647 | D:8      | Reached skill level 5 in Evocations
 10817 | D:8      | Noticed Pikel
 10937 | D:7      | Killed Pikel
 10938 | D:7      | Reached skill level 7 in Dodging
 11053 | D:8      | Found a radiant altar of Vehumet.
 12153 | D:9      | Reached skill level 6 in Invocations
 12185 | D:9      | Reached ** piety under Ashenzari
 12308 | D:9      | Noticed a two-headed ogre
 12317 | D:9      | Killed a two-headed ogre
 12318 | D:9      | Reached skill level 7 in Stealth
 12678 | D:9      | Reached XP level 11. HP: 81/81 MP: 15/22
 12948 | D:9      | Found a staircase to the Lair.
 13170 | D:9      | Reached skill level 6 in Fighting
 13170 | D:9      | Reached skill level 6 in Short Blades
 13170 | D:9      | Reached skill level 6 in Long Blades
 13170 | D:9      | Reached skill level 6 in Axes
 13170 | D:9      | Reached skill level 6 in Maces & Flails
 13170 | D:9      | Reached skill level 6 in Polearms
 13170 | D:9      | Reached skill level 6 in Staves
 13170 | D:9      | Reached skill level 6 in Slings
 13170 | D:9      | Reached skill level 6 in Bows
 13170 | D:9      | Reached skill level 6 in Crossbows
 13170 | D:9      | Reached skill level 6 in Throwing
 13170 | D:9      | Reached skill level 6 in Armour
 13170 | D:9      | Reached skill level 6 in Shields
 13170 | D:9      | Reached skill level 6 in Unarmed Combat
 13170 | D:9      | Reached skill level 6 in Evocations
 13368 | D:9      | Noticed a necromancer
 13374 | D:9      | Killed a necromancer
 13375 | D:9      | Reached skill level 5 in Hexes
 13375 | D:9      | Reached skill level 5 in Summonings
 13375 | D:9      | Reached skill level 5 in Necromancy
 13375 | D:9      | Reached skill level 5 in Translocations
 13375 | D:9      | Reached skill level 5 in Transmutations
 13375 | D:9      | Reached skill level 5 in Fire Magic
 13375 | D:9      | Reached skill level 5 in Ice Magic
 13375 | D:9      | Reached skill level 5 in Air Magic
 13375 | D:9      | Reached skill level 5 in Earth Magic
 13375 | D:9      | Reached skill level 5 in Poison Magic
 13708 | D:7      | Killed a +2 flail of chaos
 13709 | D:7      | Reached skill level 8 in Spellcasting
 13710 | D:7      | Killed Gorgoleon's ghost
 14033 | D:10     | Entered Level 10 of the Dungeon
 14267 | D:10     | Noticed Sonja
 14271 | D:10     | Killed Sonja
 14293 | D:10     | HP: 12/81 [troll (11)]
 14293 | D:10     | Slain by a troll

Vanquished Creatures
  A two-headed ogre (D:9)
  A dancing weapon (D:7)
  Sonja (D:10)
  Pikel (D:7)
  A necromancer (D:9)
  A komodo dragon (D:9)
  Prince Ribbit (D:6)
  The ghost of Gorgoleon the Conjurer, an amateur DEFE (D:7)
  3 wyverns (D:9)
  2 basilisks (D:9)
  An acid dragon (D:9)
  A water moccasin (D:5)
  Duvessa (D:7)
  5 orc warriors
  4 ice beasts
  2 black bears
  5 sky beasts
  A necrophage (D:6)
  4 ogres
  3 centaurs
  2 lemures
  A big kobold (D:7)
  6 bullfrogs
  Dowan (D:7)
  A wyvern zombie (D:9)
  A wyvern skeleton (D:10)
  3 scorpions
  5 killer bees (D:9)
  9 wights
  3 howler monkeys
  A hound (D:4)
  2 jellies
  4 orc wizards
  8 orc priests
  Ijyb (D:4)
  An iguana (D:8)
  4 worker ants
  5 yak simulacra (D:9)
  3 polar bear simulacra (D:9)
  9 mummies
  13 adders
  A shadow imp (D:6)
  A white imp (D:6)
  4 ufetubi
  An ooze (D:1)
  3 adder skeletons
  A worm (D:2)
  12 leopard geckos
  53 orcs
  8 bats
  14 giant cockroaches
  10 goblins
  8 hobgoblins
  8 jackals
  6 quokkas
  3 ball pythons
  9 frilled lizards
  A goblin zombie (D:8)
  2 hobgoblin zombies
  22 kobolds
  7 kobold zombies (Ossuary)
  A leopard gecko skeleton (D:6)
  12 rats
  3 river rat simulacra (D:9)
313 creatures vanquished.

Vanquished Creatures (others)
  5 fulminant prisms
  23 plants
28 creatures vanquished.

Grand Total: 341 creatures vanquished

Table legend:
 A = Non-vault XP
 B = Vault XP
 C = Vault XP percentage of total XP
 D = Non-vault monster count
 E = Vault monster count
 F = Vault count percentage of total count
                 A         B        C        D         E       F
            +---------+---------+-------+---------+---------+-------
      Total |    6238 |    6833 |  52.3 |     197 |     114 |  36.7
            +---------+---------+-------+---------+---------+-------
        D:1 |      56 |       1 |   1.8 |      31 |       1 |   3.1
        D:2 |      81 |       0 |   0.0 |      18 |       0 |   0.0
        D:3 |     106 |       0 |   0.0 |      21 |       0 |   0.0
        D:4 |     268 |      57 |  17.5 |      12 |       9 |  42.9
        D:5 |     366 |      41 |  10.1 |      11 |       1 |   8.3
        D:6 |    1503 |     268 |  15.1 |      34 |       1 |   2.9
        D:7 |    1092 |    2027 |  65.0 |      25 |       5 |  16.7
        D:8 |     791 |    1278 |  61.8 |      21 |      38 |  64.4
        D:9 |    1857 |    2086 |  52.9 |      16 |      18 |  52.9
       D:10 |     118 |     858 |  87.9 |       8 |       2 |  20.0
      Sewer |       0 |      69 | 100.0 |       0 |      23 | 100.0
    Ossuary |       0 |     148 | 100.0 |       0 |      16 | 100.0
            +---------+---------+-------+---------+---------+-------

Illustrated notes

Table legend:
 A = Kills in this place as a percentage of kills in entire the game.
 B = Kills by you in this place as a percentage of kills by you in the entire game.
 C = Kills by friends in this place as a percentage of kills by friends in the entire game.
 D = Other kills in this place as a percentage of other kills in the entire game.
 E = Experience gained in this place as a percentage of experience gained in the entire game.
 F = Experience gained in this place divided by the number of levels of this place that you have seen.
                   A       B       C       D       E      F
               +-------+-------+-------+-------+-------+----------------------
         Total | 100.0 | 100.0 |   N/A |   N/A | 100.0 | 1005.5
       Dungeon |  87.5 |  87.5 |   N/A |   N/A |  98.3 | 1285.4
         Sewer |   7.4 |   7.4 |   N/A |   N/A |   0.5 |  69.0
       Ossuary |   5.1 |   5.1 |   N/A |   N/A |   1.1 | 148.0
               +-------+-------+-------+-------+-------+----------------------

Table legend: (Time is in decaauts)
 A = Elapsed time spent in this place.
 B = Non-inter-level travel time spent in this place.
 C = Inter-level travel time spent in this place.
 D = Time resting spent in this place.
 E = Time spent auto-exploring this place.
 F = Levels seen in this place.
 G = Mean time per level.
                   A        B        C        D        E       F      G
               +--------+--------+--------+--------+--------+-----+--------+
         Total |  14494 |  14094 |    400 |     56 |  12245 |  13 | 1114.9 |
       Dungeon |  12458 |  12133 |    325 |     56 |  10634 |  10 | 1245.8 |
        Temple |    264 |    189 |     75 |      0 |    179 |   1 |  264.0 |
         Sewer |   1248 |   1248 |      0 |      0 |   1012 |   1 | 1248.0 |
       Ossuary |    522 |    522 |      0 |      0 |    420 |   1 |  522.0 |
               +--------+--------+--------+--------+--------+-----+--------+

Top non-repeatable levels by time:
     D:7: 1965 daAuts
     D:6: 1829 daAuts
     D:9: 1681 daAuts
     D:8: 1441 daAuts
     D:1: 1316 daAuts
     D:4: 1258 daAuts
   Sewer: 1248 daAuts
     D:3: 902 daAuts
     D:2: 896 daAuts
     D:5: 895 daAuts
 Ossuary: 522 daAuts
    D:10: 271 daAuts
  Temple: 264 daAuts
